 Dungeon Crawl Stone Soup version 0.30.0-5-g1a98f26d00 (webtiles) character file.

Game seed: 9845854275799041678

929 retardedninja the Firebug (level 8, -1/58 HPs)
             Began as a Gnoll Fire Elementalist on May 12, 2023.
             Was an Initiate of Cheibriados.
             Shot with an arrow by a centaur (17 damage)
             ... on level 6 of the Dungeon.
             The game lasted 00:07:53 (8017 turns).

retardedninja the Firebug (Gnoll Fire Elementalist) Turns: 8017, Time: 00:07:54

Health: -1/58      AC:  2    Str:  9    XL:     8   Next: 11%
Magic:  15/16      EV: 14    Int: 17    God:    Cheibriados [......]
Gold:   494        SH:  0    Dex: 14    Spells: 15/18 levels left

rFire   . . .        o - +0 battleaxe
rCold   . . .        (shield currently unavailable)
rNeg    . . .        a - +0 robe
rPois   .            (no helmet)
rElec   .            (no cloak)
rCorr   .            (no gloves)
SInv    .            (no boots)
Will    .....        (no amulet)
Stlth   +++          (no ring)
HPRegen 0.29/turn    (no ring)
MPRegen 0.15/turn

%: no passive effects
@: very slow
A: fangs 1, strong nose, distributed training
a: Renounce Religion


You were on level 6 of the Dungeon.
You worshipped Cheibriados.
Cheibriados was noncommittal.
You visited 2 branches of the dungeon, and saw 7 of its levels.

You collected 494 gold pieces.

Inventory:

Hand Weapons
 o - a +0 battleaxe (weapon)
Armour
 a - a +0 robe (worn)
 b - a +1 helmet
Wands
 c - a wand of paralysis (7)
 s - a wand of iceblast (9)
Scrolls
 f - 2 scrolls of fear
 g - a scroll of enchant armour {unknown}
 i - 2 scrolls of identify {unknown}
 j - a scroll of enchant weapon {unknown}
 l - a scroll of teleportation
 m - a scroll of vulnerability
 n - 2 scrolls of brand weapon {unknown}
Potions
 d - 4 potions of heal wounds {unknown}
 e - 4 potions of berserk rage {unknown}
 h - 4 potions of curing {unknown}
 k - a potion of mutation {unknown}
 p - a potion of haste {unknown}
 q - a potion of invisibility {unknown}
 r - 2 potions of lignification {unknown}
 t - a potion of might {unknown}
 u - a potion of degeneration {unknown}


   Skills:
 + Level 3.1 Fighting
 + Level 3.1 Short Blades
 + Level 3.1 Long Blades
 + Level 3.1 Axes
 + Level 3.1 Maces & Flails
 + Level 3.1 Polearms
 + Level 3.1 Staves
 + Level 3.1 Ranged Weapons
 + Level 3.1 Throwing
 + Level 3.1 Armour
 + Level 5.5 Dodging
 + Level 5.2 Stealth
 + Level 3.1 Shields
 + Level 3.1 Unarmed Combat
 + Level 5.9 Spellcasting
 + Level 3.3 Conjurations
 + Level 2.5 Hexes
 + Level 2.5 Summonings
 + Level 2.5 Necromancy
 + Level 2.5 Translocations
 + Level 2.5 Transmutations
 + Level 6.0 Fire Magic
 + Level 2.5 Ice Magic
 + Level 2.5 Air Magic
 + Level 2.5 Earth Magic
 + Level 2.5 Poison Magic
 + Level 3.4 Invocations
 + Level 3.1 Evocations


You had 15 spell levels left.
You knew the following spells:

 Your Spells              Type           Power      Damage    Failure   Level
a - Foxfire               Conj/Fire      84%        2x1d8     1%          1
b - Scorch                Fire           50%        2d7       1%          2

Your spell library contained the following spells:

 Spells                   Type           Power      Damage    Failure   Level
 Magic Dart               Conj           64%        1d6       3%          1
 Sting                    Tmut/Pois      52%        1d5       4%          1
 Call Imp                 Summ           26%        N/A       7%          2
 Poisonous Vapours        Pois/Air       26%        N/A       7%          2
 Inner Flame              Hex/Fire       19%        N/A       7%          3
 Volatile Blastmotes      Fire/Tloc      38%        2d13      7%          3
 Mephitic Cloud           Conj/Pois/Air  14%        N/A       12%         3
 Flame Wave               Conj/Fire      21%        2d8       19%         4
 Olgreb's Toxic Radiance  Pois           13%        N/A       43%         4
 Borgnjor's Revivificati  Necr           6%         N/A       100%        8
 Necromutation            Tmut/Necr      6%         N/A       100%        8
 Death's Door             Necr           6%         N/A       100%        9


Dungeon Overview and Level Annotations

Branches:
Dungeon (6/15)             Temple (1/1) D:5

Altars:
Ashenzari
Cheibriados
Fedhas
Hepliaklqana
Kikubaaqudgha
Nemelex Xobeh
Okawaru
Ru
Trog
Uskayaw
Vehumet
Wu Jian
Xom
The Shining One

Shops:
D:1 [   D:2 [=([(   D:4 :


Innate Abilities, Weirdness & Mutations

You have very sharp teeth.
Your uncanny sense of smell can sniff out nearby items.
Your experience applies equally to all skills.


Message History

The foxfire hits the iguana.
The iguana is heavily wounded.
The foxfire hits the iguana.
The iguana is severely wounded.
The foxfire hits the iguana.
The iguana is severely wounded.
The iguana completely misses you.
You conjure some foxfire!
The iguana closely misses you.
The foxfire hits the iguana.
The iguana is almost dead.
The foxfire hits the iguana.
You kill the iguana!
Cheibriados thoroughly appreciates the change of pace.
You conjure some foxfire!
Your foxfire dissipates! x2
You conjure some foxfire!
Your foxfire dissipates!
Your foxfire dissipates!
Magic restored.
You see here an iguana corpse.
Found a war axe.
A centaur comes into view.
Found 9 gold pieces.
The centaur shouts!
The centaur wields a +0 shortbow.
The centaur shoots an arrow.
The arrow hits you!
A centaur is nearby!
A centaur is nearby!
A centaur is nearby!
You conjure some foxfire!
The centaur shoots an arrow.
The arrow hits you!
The foxfire hits the centaur but does no damage.
The foxfire hits the centaur.
The centaur is moderately wounded.
The centaur shoots an arrow.
The arrow hits you!
The centaur shoots an arrow.
The arrow hits you!
You are too injured to fight recklessly!
The centaur shoots an arrow.
The arrow hits you!
* * * LOW HITPOINT WARNING * * *
The centaur shoots an arrow.
The arrow hits you!
You die...

...######
........###
####
..........#
....#.....#
....##....#
####+###....#
#...........#
#...).##+####
#.....##....#
#......@....#
#.....##=...#
####### ....#
..c.# ..$.#
....# ....#
....#


You could see a centaur.

Vanquished Creatures
  2 water moccasins (D:5)
  A black bear (D:5)
  A scorpion (D:4)
  A howler monkey (D:5)
  3 hounds
  A gnoll bouda (D:4)
  4 iguanas
  4 orc wizards
  Robin (D:3)
  4 gnolls (D:4)
  5 adders
  4 dart slugs
  14 orcs
  4 ball pythons
  4 bats (D:1)
  8 endoplasms
  5 giant cockroaches
  16 goblins
  6 hobgoblins
  9 jackals
  3 kobolds
  2 quokkas
  2 frilled lizards
  6 rats
110 creatures vanquished.

Vanquished Creatures (others)
  439 foxfires
439 creatures vanquished.

Grand Total: 549 creatures vanquished

Notes
Turn   | Place    | Note
-------+----------+-------------------------------------------
     0 | D:1      | retardedninja the Gnoll Fire Elementalist began the quest
                  | for the Orb.
     0 | D:1      | Reached XP level 1. HP: 13/13 MP: 6/6
   277 | D:1      | Reached XP level 2. HP: 17/19 MP: 4/7
   816 | D:1      | Found Xoseybli's Antique Armour Shop.
   827 | D:1      | Reached skill level 5 in Spellcasting
   827 | D:1      | Reached XP level 3. HP: 25/25 MP: 4/9
   910 | D:1      | Found a faded altar of an unknown god.
  1122 | D:1      | Reached skill level 1 in Invocations
  1452 | D:2      | Identified the +5 sling of Valiance {flame, rElec}
  1609 | D:2      | Reached skill level 1 in Fighting
  1609 | D:2      | Reached skill level 1 in Short Blades
  1609 | D:2      | Reached skill level 1 in Long Blades
  1609 | D:2      | Reached skill level 1 in Axes
  1609 | D:2      | Reached skill level 1 in Maces & Flails
  1609 | D:2      | Reached skill level 1 in Polearms
  1609 | D:2      | Reached skill level 1 in Staves
  1609 | D:2      | Reached skill level 1 in Ranged Weapons
  1609 | D:2      | Reached skill level 1 in Throwing
  1609 | D:2      | Reached skill level 1 in Armour
  1609 | D:2      | Reached skill level 1 in Shields
  1609 | D:2      | Reached skill level 1 in Unarmed Combat
  1609 | D:2      | Reached skill level 1 in Evocations
  1734 | D:2      | Found Tuhe's Antique Weapon Shoppe.
  1766 | D:2      | Found Ruarghicw's Jewellery Shoppe.
  1787 | D:2      | Reached XP level 4. HP: 32/32 MP: 7/11
  2035 | D:2      | Found Plog's Armour Shop.
  2100 | D:2      | Found Serosog's Antique Weapon Shop.
  2279 | D:2      | Found Xephegal's Armour Shoppe.
  2283 | D:2      | Learned a level 2 spell: Scorch
  2895 | D:3      | Noticed Robin
  2909 | D:3      | Reached skill level 1 in Hexes
  2909 | D:3      | Reached skill level 1 in Summonings
  2909 | D:3      | Reached skill level 1 in Necromancy
  2909 | D:3      | Reached skill level 1 in Translocations
  2909 | D:3      | Reached skill level 1 in Transmutations
  2909 | D:3      | Reached skill level 1 in Ice Magic
  2909 | D:3      | Reached skill level 1 in Air Magic
  2909 | D:3      | Reached skill level 1 in Earth Magic
  2909 | D:3      | Reached skill level 1 in Poison Magic
  2917 | D:3      | Killed Robin
  3600 | D:3      | Reached XP level 5. HP: 35/37 MP: 5/12
  3830 | D:3      | Found a broken altar of Ashenzari.
  4254 | D:4      | Found Ofredown's Vocational Training.
  4291 | D:4      | Reached XP level 6. HP: 41/44 MP: 4/13
  4510 | D:4      | Reached skill level 5 in Dodging
  5545 | D:5      | Entered Level 5 of the Dungeon
  6280 | D:5      | Found a sparkling altar of Nemelex Xobeh.
  6474 | D:5      | Reached XP level 7. HP: 51/51 MP: 11/15
  6503 | D:5      | Found a staircase to the Ecumenical Temple.
  6543 | Temple   | Entered the Ecumenical Temple
  6726 | Temple   | Became a worshipper of Cheibriados the Contemplative
  7092 | D:5      | Reached skill level 5 in Stealth
  7362 | D:5      | Reached skill level 6 in Fire Magic
  7362 | D:5      | Reached XP level 8. HP: 46/58 MP: 8/16
  7489 | D:5      | Found an ornate altar of the Wu Jian Council.
  7923 | D:6      | Found a bloodstained altar of Trog.
  8017 | D:6      | Shot with an arrow by a centaur

Illustrated notes

Levels and vault maps discovered:
D:1:      roderic_crossed_star, layout_basic,
          shapermc_ecumenical_altar_totnotflames, serial_shops, shop
D:2:      layout_loops_corners, serial_shops, nicolae_shop_rolling_square, shop,
          nicolae_shop_competitors_out_of_business, nicolae_shop_trees, shop
D:3:      layout_basic, mainiacjoe_overflow_brackets, kennysheep_generic_room_8,
          uniq_robin
D:4:      layout_basic, kennysheep_decorative_pillar, chequers_jeans,
          nicolae_shop_vocational
D:5:      layout_basic, nemelex_xobeh_ov_fountains_minmay,
          kennysheep_little_box, minmay_temple_entry_stoned_glass,
          serial_co_window_serial, co_window_paths_b, co_window_paths_a,
          co_window_paths_a, co_window_of_opportunity_a,
          co_window_of_opportunity_a, co_window_of_opportunity_a,
          co_window_of_opportunity_a, co_window_corner_b, co_window_corner_b,
          co_window_of_opportunity_b, co_window_sun, glass_columns_a,
          glass_columns_a, glass_columns_a
D:6:      layout_gridville, amcnicky_altar_gilded,
          mainiacjoe_overflow_small_starburst, led_sif_book, uniq_grinder
Temple:   nicolae_temple_bog_church

Skill      XL: |  1  2  3  4  5  6  7 |
---------------+----------------------+-----
Conjurations   | 2 3 |  3.3
Spellcasting   | 5 |  5.9
Invocations    | 1 2 3 |  3.4
Fighting       | 1 2 3 |  3.1
Short Blades   | 1 2 3 |  3.1
Long Blades    | 1 2 3 |  3.1
Axes           | 1 2 3 |  3.1
Maces & Flails | 1 2 3 |  3.1
Polearms       | 1 2 3 |  3.1
Staves         | 1 2 3 |  3.1
Ranged Weapons | 1 2 3 |  3.1
Throwing       | 1 2 3 |  3.1
Armour         | 1 2 3 |  3.1
Shields        | 1 2 3 |  3.1
Unarmed Combat | 1 2 3 |  3.1
Evocations     | 1 2 3 |  3.1
Hexes          | 1 2 |  2.5
Summonings     | 1 2 |  2.5
Necromancy     | 1 2 |  2.5
Translocations | 1 2 |  2.5
Transmutations | 1 2 |  2.5
Ice Magic      | 1 2 |  2.5
Air Magic      | 1 2 |  2.5
Earth Magic    | 1 2 |  2.5
Poison Magic   | 1 2 |  2.5
Dodging        | 5 |  5.5
Stealth        | 5 |  5.2
Fire Magic     | 6 |  6.0

Action                     |  1- 3 |  4- 6 |  7- 9 || total
---------------------------+-------+-------+-------++-------
  Melee: Battleaxe         |       |    14 |     2 ||    16
         Short sword       |       |     1 |       ||     1
         Bite              |       |     1 |       ||     1
   Cast: Foxfire           |    88 |   129 |    52 ||   269
         Scorch            |       |    42 |     2 ||    44
  Evoke: Wand              |       |     1 |       ||     1
    Use: Potion            |       |     1 |       ||     1
         Scroll            |       |     5 |       ||     5
 Armour: Robe              |     5 |    20 |     2 ||    27
  Dodge: Dodged            |    14 |    68 |    20 ||   102
